 Dungeon Crawl Stone Soup version 0.20.0-8-g6b59dc7 (webtiles) character file.

53 Chiseanne the Magician (level 3, 0/36 HPs)
             Began as a Demonspawn Wizard on June 2, 2017.
             Slain by Natasha (1 damage)
             ... on level 3 of the Dungeon.
             The game lasted 00:03:12 (2925 turns).

Chiseanne the Magician (Demonspawn Wizard)          Turns: 2925, Time: 00:03:13

Health: 0/36       AC: 21    Str:  7    XL:     3   Next: 62%
Magic:  1/8        EV:  2    Int: 20    God:
Gold:   50         SH:  0    Dex: 11    Spells: 8/9 levels left

rFire    . . .     SeeInvis .   g - +1 spear
rCold    . . .     Gourm    .   (no shield)
rNeg     + + +     Faith    .   (armour currently unavailable)
rPois    +         Spirit   .   (helmet currently unavailable)
rElec    .         Reflect  .   (cloak currently unavailable)
rCorr    .         Harm     +   (gloves currently unavailable)
MR       .....     NoTele   +   (boots currently unavailable)
Stlth    ++........             n - amulet of harm
Regen    0.2/turn               (no ring)
MPRegen  0.2/turn               (no ring)

@: tree-form, very slightly contaminated
A: powered by death 1
a: no special abilities


You were on level 3 of the Dungeon.
You were hungry.
You were a tree.
You visited 1 branch of the dungeon, and saw 3 of its levels.

You collected 50 gold pieces.

Inventory:

Hand Weapons
 g - a +1 spear (weapon)
 t - a cursed -1 dagger
Missiles
 i - 10 bolts
 j - 40 stones (quivered)
 k - 25 sling bullets
Armour
 a - a +0 robe (melded)
 b - a +0 hat (melded)
 r - a +0 pair of gloves (melded)
Jewellery
 n - an amulet of harm (around neck)
 s - an uncursed ring of positive energy {unknown}
Scrolls
 f - a scroll of fear
Potions
 m - a potion of curing {unknown}
 o - a potion of heal wounds {unknown}
 p - a potion of lignification
Books
 c - a book of Minor Magic

   Spells                             Type                      Level
   a - Magic Dart                     Conjuration                  1
   b - Blink                          Translocation                2
   c - Call Imp                       Summoning                    2
   d - Slow                           Hexes                        2
   e - Conjure Flame                  Conjuration/Fire             3
   f - Mephitic Cloud                 Conjuration/Poison/Air       3
Comestibles
 l - 4 fruits


   Skills:
 - Level 1.7 Dodging
 - Level 1.7 Stealth
 * Level 3.8 Spellcasting
 * Level 2.5 Conjurations
   Level 1.0 Summonings
   Level 0.8 Translocations


You had 8 spell levels left.
You knew the following spells:

 Your Spells              Type           Power        Failure   Level  Hunger
a - Magic Dart            Conj           ##..         4%          1    None


Dungeon Overview and Level Annotations

Branches:
Dungeon (2/15)

Altars:
Ashenzari
Okawaru
Trog

Annotations:
D:3 Natasha


Innate Abilities, Weirdness & Mutations

You regenerate a little health from kills.


Message History

Nothing appears to happen.
Natasha claws you.
* * * LOW HITPOINT WARNING * * *
Casting: Magic Dart
Confirm with . or Enter, or press ? or * to list all spells.
You don't have enough magic to cast that spell.
Casting: Magic Dart
Confirm with . or Enter, or press ? or * to list all spells.
You don't have enough magic to cast that spell.
It was a potion of lignification.
You turn into a tree.
Your +0 hat melds into your body.
Your +0 pair of gloves melds into your body.
Your +0 robe melds into your body.
Your roots penetrate the ground.
Natasha barely misses you.
You closely miss Natasha.
Natasha is heavily wounded.
Natasha barely misses you.
You hit Natasha.
Natasha is severely wounded.
Natasha claws you.
You die...

.# #...# ..# ##....#
#..# ##.....#
...###......
+........#
#........####
#>..)....##..
#....♣...##.#
#...h....##.#
#......<.##.#
#........##.#######
#.%......##........
....................
#####..#####.########
##. #.# #. #.#


You could see Natasha.

Vanquished Creatures
  An adder (D:2)
  2 oozes
  A worm (D:2)
  A dart slug (D:1)
  A leopard gecko (D:1)
  3 bats (D:1)
  2 giant cockroaches (D:2)
  3 hobgoblins
  5 kobolds
  2 quokkas (D:2)
  3 goblins
  4 rats
28 creatures vanquished.

Notes
Turn   | Place    | Note
-------+----------+-------------------------------------------
     0 | D:1      | Chiseanne the Demonspawn Wizard began the quest for the Orb.
     0 | D:1      | Reached XP level 1. HP: 13/13 MP: 4/4
   988 | D:1      | Gained mutation: You regenerate a little health from kills. [demonic ancestry]
   988 | D:1      | Reached XP level 2. HP: 18/19 MP: 0/6
  1904 | D:2      | Reached XP level 3. HP: 1/24 MP: 1/8
  2255 | D:2      | Found an iron altar of Okawaru.
  2650 | D:2      | Found a bloodstained altar of Trog.
  2745 | D:2      | Found a shattered altar of Ashenzari.
  2906 | D:2      | You fall through a shaft!
  2913 | D:3      | Noticed Natasha
  2922 | D:3      | HP: 1/24 [Natasha (6)]
  2925 | D:3      | Slain by Natasha

Skill      XL: |  1  2 |
---------------+-------+-----
Conjurations   | 2 |  2.5
Dodging        | |  1.7
Stealth        | |  1.7
Spellcasting   | |  3.8
Summonings     | |  1.0
Translocations | |  0.8

Action                   || total
-------------------------++-------
Melee: Unarmed           ||    17
       Spear             ||    20
 Cast: Magic Dart        ||    93
  Use: Scroll            ||     5
       Potion            ||     1
  Eat: Bread ration      ||     1
       Chunk             ||     1
Armor: Robe              ||     7
Dodge: Dodged            ||    36
